 Dungeon Crawl Stone Soup version 0.22-a0-362-g535178c (webtiles) character file.

3041 inmateoo the Sneak (level 9, -3/62 HPs)
             Began as an Octopode Necromancer on Apr 20, 2018.
             Was a Follower of Sif Muna.
             Slain by a red devil
             ... wielding a +0 trident
             ... summoned by a kobold demonologist
              (20 damage)
             ... in a bailey.
             The game lasted 00:15:59 (9357 turns).

inmateoo the Sneak (Octopode Necromancer)           Turns: 9357, Time: 00:16:00

Health: -3/62      AC:  1    Str:  8    XL:     9   Next: 86%
Magic:  16/16      EV: 13    Int: 20    God:    Sif Muna [*.....]
Gold:   378        SH:  0    Dex: 12    Spells: 5/17 levels left

rFire    . . .     SeeInvis .   a - +0 dagger (venom)
rCold    . . .     Gourm    .   (no shield)
rNeg     . . .     Faith    .   (helmet restricted)
rPois    +         Spirit   .   (no amulet)
rElec    .         Reflect  .   g - ring of protection from magic
rCorr    .         Harm     .   m - ring of poison resistance
MR       +....                  (no ring)
Stlth    +++++.....             (no ring)
HPRegen  0.20/turn              (no ring)
MPRegen  0.15/turn              (no ring)
                                (no ring)
                                (no ring)

@: no status effects
A: almost no armour, stealthy swim, amphibious, 8 rings, constrict 8, camouflage
1, gelatinous body 1
a: Divine Energy, Renounce Religion


You were in a bailey.
You worshipped Sif Muna.
Sif Muna was aware of your devotion.
You were not hungry.

You visited 2 branches of the dungeon, and saw 9 of its levels.
You also visited: Bailey.

You collected 378 gold pieces.

Inventory:

Hand Weapons
 a - a +0 dagger of venom (weapon)
Armour
 l - a +0 buckler
Jewellery
 g - a ring of protection from magic (left tentacle)
 m - a ring of poison resistance (right tentacle)
Scrolls
 c - 4 scrolls of teleportation
 d - 2 scrolls of amnesia
 e - 2 scrolls of enchant armour
 p - a scroll of acquirement
 r - a scroll of enchant weapon
 t - a scroll of remove curse
Potions
 f - a potion of brilliance
 h - 3 potions of haste
 i - 3 potions of agility
 j - a potion of curing
 k - a potion of magic
 o - a potion of ambrosia
Comestibles
 b - 12 rations


   Skills:
 * Level 5.9 Fighting
 - Level 4.1 Short Blades
 - Level 2.0 Dodging
 * Level 7.8 Stealth
 - Level 4.1 Shields
 + Level 4.8 Spellcasting
 - Level 3.0 Charms
 + Level 7.6 Necromancy


You had 5 spell levels left.
You knew the following spells:

 Your Spells              Type           Power        Failure   Level  Hunger
a - Pain                  Necr           ####         1%          1    None
b - Animate Skeleton      Necr           N/A          1%          1    None
c - Regeneration          Chrm/Necr      ####......   4%          3    ##.....
d - Vampiric Draining     Necr           #####.....   1%          3    ##.....
e - Animate Dead          Necr           N/A          4%          4    ####...


Dungeon Overview and Level Annotations

Branches:
Dungeon (8/15)             Temple (1/1) D:5
   Lair: D:8-11

Altars:
Ashenzari
Cheibriados
Dithmenos
Elyvilon
Fedhas
Gozag
Hepliaklqana
Kikubaaqudgha
Makhleb
Nemelex Xobeh
Okawaru
Qazlal
Ru
Sif Muna
Trog
Uskayaw
Vehumet
Wu Jian
Xom
Yredelemnul
Zin
The Shining One

Shops:
D:4 }


Innate Abilities, Weirdness & Mutations

You cannot wear most types of armour.
You are very stealthy in the water. (Stealth+)
You are amphibious.
You can wear up to eight rings at the same time.
You can use your tentacles to constrict eight enemies at once.
Your skin changes colour to match your surroundings (Stealth+).
Your rubbery body absorbs attacks. (AC +1, EV +1)


Message History

The kobold demonologist casts a spell.
The crimson imp blinks!
The kobold demonologist looks braver for a moment.
The white imp gestures at you. The puff of frost hits you!
The crimson imp blinks!
The red devil hits you from afar with a trident!
The orc shouts!
You hear a shout!
There is an open door here.
You close the door.
A white imp opens the door.
The white imp disappears in a puff of smoke!
The orc hits you with a hand axe.
The red devil hits you from afar with a trident!
* * * LOW HITPOINT WARNING * * *
There is an open door here.
You barely miss the orc. You grab the orc.
You constrict the orc, but do no damage.
The red devil hits you from afar with a trident!!
You die...

#≈≈≈≈≈≈≈≈≈≈≈≈≈≈≈≈≈≈...≈≈≈≈≈
#≈≈≈≈≈≈≈≈≈≈≈≈≈≈≈≈≈≈g..≈≈≈≈≈
#≈≈≈≈≈≈≈≈≈≈≈4≈≈≈≈≈≈4..≈≈≈≈≈
#≈≈≈≈≈≈≈≈≈≈≈≈≈≈≈≈≈≈...≈≈≈≈≈
#≈≈≈≈≈≈≈≈######5K≈≈...≈≈≈≈#
#≈≈≈≈≈≈≈≈#.'..#5..........#
#≈≈≈≈≈≈≈≈###).#####'''#####
#≈≈≈≈≈≈≈≈#)...# ....g #
#≈≈≈≈≈≈54#@...# o...'. #
#≈≈≈≈≈≈≈≈#o####..# ⌠..#. #
#≈≈≈≈≈≈≈≈4.#.....# ...#
#≈≈≈≈≈≈≈≈≈.#.8...#
#≈≈≈≈≈≈≈≈).#.....
#≈≈≈≈≈≈≈≈≈.#.8.######
#≈≈≈≈≈≈≈≈≈.#......5..
#≈≈≈≈≈≈≈≈≈.#.8....o..
#≈≈≈≈≈≈≈≈≈.'..gg.K.._


You could see a red devil and an orc.

Vanquished Creatures
  Prince Ribbit (D:7)
  A hornet (D:8)
  Grinder (D:3)
  Eustachio (D:6)
  Menkaure (D:6)
  A water moccasin (D:7)
  5 orc warriors (Bailey)
  A sky beast (D:5)
  2 necrophages
  A centaur (D:6)
  2 bullfrogs (D:7)
  Blork the orc (D:5)
  A bullfrog zombie (D:7)
  5 electric eels (Bailey)
  2 crimson imps (D:7)
  Crazy Yiuf (D:3)
  2 jellies
  A bullfrog skeleton (D:5)
  2 orc priests (D:7)
  An orc wizard (D:7)
  2 iguanas
  5 worker ants
  A killer bee zombie (D:7)
  2 hound skeletons (D:5)
  8 adders
  13 gnolls
  3 shadow imps
  2 adder skeletons
  2 worms
  3 dart slugs (D:1)
  6 leopard geckos
  15 orcs
  2 ball pythons
  8 giant cockroaches
  8 goblins
  8 hobgoblins
  6 jackals
  3 quokkas
  7 bats
  7 frilled lizards
  A giant cockroach zombie (D:5)
  2 goblin zombies (D:4)
  11 kobolds
  A leopard gecko skeleton (D:4)
  12 rats
171 creatures vanquished.

Vanquished Creatures (collateral kills)
  An ice beast (D:8)
  A crimson imp (D:4)
  3 gnolls
  An orc (D:7)
  3 goblins (D:8)
  A goblin skeleton (D:4)
  2 goblin zombies (D:4)
  2 hobgoblin zombies (D:4)
  A kobold skeleton (D:4)
15 creatures vanquished.

Grand Total: 186 creatures vanquished

Notes
Turn   | Place    | Note
-------+----------+-------------------------------------------
     0 | D:1      | inmateoo the Octopode Necromancer began the quest for the Orb.
     0 | D:1      | Reached XP level 1. HP: 11/11 MP: 3/3
   220 | D:1      | Reached XP level 2. HP: 17/17 MP: 5/5
   705 | D:1      | Learned a level 1 spell: Animate Skeleton
  1027 | D:1      | Reached XP level 3. HP: 15/21 MP: 6/6
  1090 | D:1      | Learned a level 3 spell: Regeneration
  1094 | D:1      | Reached skill level 5 in Stealth
  1677 | D:2      | Reached XP level 4. HP: 6/27 MP: 4/7
  1936 | D:2      | Reached skill level 1 in Charms
  1964 | D:2      | Reached skill level 1 in Fighting
  2379 | D:3      | Noticed Grinder
  2407 | D:3      | Killed Grinder
  2407 | D:3      | Reached skill level 5 in Necromancy
  2407 | D:3      | Reached XP level 5. HP: 6/34 MP: 4/9
  2407 | D:3      | Reached XP level 6. HP: 7/39 MP: 4/10
  2675 | D:2      | Learned a level 3 spell: Vampiric Draining
  3815 | D:3      | Found a runed door.
  3912 | D:3      | Noticed Crazy Yiuf
  3941 | D:3      | Killed Crazy Yiuf
  4054 | D:4      | Reached XP level 7. HP: 36/45 MP: 11/11
  4066 | D:4      | Found Katafuba's Gadget Emporium.
  4163 | D:4      | Found a glowing golden altar of the Shining One.
  4668 | D:5      | Entered Level 5 of the Dungeon
  4707 | D:5      | Found a staircase to the Ecumenical Temple.
  4717 | Temple   | Entered the Ecumenical Temple
  4872 | Temple   | Became a worshipper of Sif Muna the Loreminder
  5022 | D:5      | Learned a level 4 spell: Animate Dead
  5173 | D:5      | Reached skill level 1 in Shields
  5723 | D:5      | Noticed Blork the orc
  5744 | D:5      | Killed Blork the orc
  6236 | D:6      | Reached XP level 8. HP: 52/52 MP: 13/13
  6360 | D:6      | Reached * piety under Sif Muna
  6434 | D:6      | Noticed Menkaure
  6448 | D:6      | Killed Menkaure
  6448 | D:6      | Reached skill level 1 in Short Blades
  6809 | D:6      | Noticed Eustachio
  6825 | D:6      | Killed Eustachio
  7514 | D:7      | Reached XP level 9. HP: 50/57 MP: 12/15
  7629 | D:7      | Noticed Prince Ribbit
  7640 | D:7      | Killed Prince Ribbit
  8077 | D:8      | Noticed a hornet
  8092 | D:8      | Killed a hornet
  8092 | D:8      | Reached skill level 5 in Fighting
  8259 | D:8      | Found a flagged portal.
  8264 | Bailey   | Entered a bailey
  9175 | Bailey   | Found an iron altar of Okawaru.
  9175 | Bailey   | Noticed a kobold demonologist
  9175 | Bailey   | Noticed a kobold demonologist
  9177 | Bailey   | Noticed a sun demon
  9331 | Bailey   | Noticed an ice devil
  9340 | Bailey   | Noticed a red devil
  9357 | Bailey   | Slain by a red devil

Vault maps used:
D:1:      noname_arrival_rooms_in_the_neighbourhood
D:2:      eino_curves_03
D:3:      uniq_grinder, uniq_crazy_yiuf_cottage
D:4:      nicolae_tso_besieged_by_evil, serial_shops, shop_fountains
D:5:      minmay_temple_entry_fiery, first_ration, uniq_blork_the_orc
D:6:      uniq_menkaure, uniq_eustachio
D:7:      minmay_liquid_box, grunt_tough_drop, uniq_prince_ribbit1
D:8:      enter_bailey_3, serial_shops, kennysheep_little_box, special_room
Temple:   minmay_crystal_snake_temple
Bailey:   bailey_axe_of_yendor_kennysheep, bailey

Skill      XL: |  1  2  3  4  5  6  7  8  9 |
---------------+----------------------------+-----
Stealth        | 4 5 7 |  7.8
Charms         | 2 3 |  3.0
Fighting       | 2 3 4 5 |  5.9
Necromancy     | 5 6 7 |  7.6
Spellcasting   | 3 4 |  4.8
Shields        | 2 4 |  4.1
Short Blades   | 4 |  4.1
Dodging        | |  2.0

Action                   |  1- 3 |  4- 6 |  7- 9 || total
-------------------------+-------+-------+-------++-------
Melee: Unarmed           |    12 |       |       ||    12
       Spear             |    50 |       |       ||    50
       Constrict         |    21 |    14 |    63 ||    98
       Tentacles         |    14 |    15 |    51 ||    80
       Dagger            |    16 |    81 |   283 ||   380
 Cast: Animate Skeleton  |     6 |    11 |    21 ||    38
       Pain              |     5 |     8 |    37 ||    50
       Regeneration      |       |     4 |    23 ||    27
       Animate Dead      |       |       |     6 ||     6
  Use: Potion            |       |     3 |     3 ||     6
       Scroll            |       |    10 |     5 ||    15
 Stab: Sleeping          |    15 |    23 |    26 ||    64
       Distracted        |     1 |       |       ||     1
  Eat: Chunk             |     3 |     8 |    20 ||    31
Armor: Skin              |     6 |     1 |     8 ||    15
Dodge: Dodged            |    31 |    30 |   139 ||   200

Table legend:
 A = Spawn XP
 B = Non-spawn XP
 C = Spawn XP percentage of total XP
 D = Spawn monster count
 E = Non-spawn monster count
 F = Spawn count percentage of total count
 G = Total turns spent on level
                    A         B        C        D         E        F      G
               +---------+---------+-------+---------+---------+-------+---------
         Total |       0 |    4345 |   0.0 |       0 |     186 |   0.0 |  9357
               +---------+---------+-------+---------+---------+-------+---------
           D:1 |       0 |      65 |   0.0 |       0 |      29 |   0.0 |  1473
           D:2 |       0 |      80 |   0.0 |       0 |      17 |   0.0 |  1324
           D:3 |       0 |     436 |   0.0 |       0 |      31 |   0.0 |  1202
           D:4 |       0 |     126 |   0.0 |       0 |      24 |   0.0 |   669
           D:5 |       0 |     444 |   0.0 |       0 |      18 |   0.0 |  1342
           D:6 |       0 |     623 |   0.0 |       0 |      12 |   0.0 |   792
           D:7 |       0 |    1114 |   0.0 |       0 |      32 |   0.0 |  1032
           D:8 |       0 |     503 |   0.0 |       0 |       8 |   0.0 |   242
        Bailey |       0 |     954 |   0.0 |       0 |      15 |   0.0 |  1093
               +---------+---------+-------+---------+---------+-------+---------
